AoeStats
← DSLG | Shamer

Arabia

510923942Analyzed
4v4 RM · 12h ago on Oct 3, 2026· 33m 47s· 8 players
Game mode
Random Map
Map size
Large (8 player)
Population
200
Speed
Normal
Resources
Standard
Victory
Conquest
Starting age
Dark Age
Ending age
Imperial Age
RankedLock teamsTeams togetherTeam positionsShared explorationLock speedFull tech treeHidden civsTurbo modeCheats
Victory
Defeat
🇧🇴 Maya · Bolivia
1255
+10
🇦🇷 Persians · Argentina
1096
+16
🇨🇱 Saracens · Chile
1088
+16
🇦🇷 Cumans · Argentina
1034
+18
🇵🇪 Lithuanians · Peru
1122
-16
🇨🇳 Ethiopians · China
1113
-16
🇨🇳 Britons · China
1080
-14
🇵🇪 Mongols · Peru
1067
-14
DSLG | Shamer
8:39 Loom
10:25 Feudal Age
15:31 Castle Age
16:05 Double-Bit Axe
26:25 Wheelbarrow
28:15 Husbandry
31:11 Scale Barding Armor
31:17 Forging
31:59 Bloodlines
34:51 Iron Casting
EL CHANCHO 3026
8:25 Feudal Age
6:41 Loom
9:02 Double-Bit Axe
21:00 Castle Age
19:10 Fletching
19:45 Bloodlines
19:59 Padded Archer Armor
23:22 Bodkin Arrow
26:16 Husbandry
27:37 Leather Archer Armor
29:00 Wheelbarrow
28:11 Town Watch
30:37 Thumb Ring
31:35 Ballistics
Ehco
6:07 Loom
12:25 Feudal Age
68877168
4:47 Loom
10:20 Feudal Age
15:19 Fletching
16:52 Double-Bit Axe
17:12 Horse Collar
17:58 Padded Archer Armor
19:14 Wheelbarrow
20:05 Gold Mining
23:49 Castle Age
23:56 Crossbowman
24:39 Scale Mail Armor
24:56 Leather Archer Armor
24:36 Bodkin Arrow
27:44 Thumb Ring
29:20 Bow Saw
ºCoT | Josebo
0:29 Loom
9:08 Feudal Age
9:54 Double-Bit Axe
13:15 Fletching
19:16 Padded Archer Armor
21:40 Gold Mining
24:37 Castle Age
25:28 Bodkin Arrow
25:44 Bow Saw
24:55 Crossbowman
26:59 Ballistics
28:18 Thumb Ring
29:00 Wheelbarrow
30:50 Leather Archer Armor
34:56 Imperial Age
Hoshigaki kisame
4:12 Loom
9:04 Feudal Age
9:33 Double-Bit Axe
9:30 Horse Collar
9:48 Town Watch
19:15 Bloodlines
22:40 Wheelbarrow
24:11 Castle Age
22:05 Gold Mining
23:08 Stone Mining
24:43 Scale Barding Armor
24:49 Forging
26:34 Heavy Plow
26:11 Light Cavalry
30:28 Hand Cart
32:49 Imperial Age
30:40 Steppe Husbandry
33:51 Chain Barding Armor
34:08 Iron Casting
33:58 Conscription
dansanti
0:32 Loom
10:20 Feudal Age
15:55 Fletching
16:23 Double-Bit Axe
18:17 Padded Archer Armor
24:38 Castle Age
25:04 Crossbowman
26:34 Thumb Ring
26:27 Bodkin Arrow
29:35 Wheelbarrow
PedroAOE
7:26 Loom
9:42 Feudal Age
11:36 Double-Bit Axe
15:13 Wheelbarrow
20:58 Castle Age
19:41 Scale Barding Armor
19:55 Forging
19:59 Bloodlines
21:13 Scale Barding Armor
20:47 Light Cavalry
21:28 Husbandry
22:15 Iron Casting
27:05 Bow Saw
26:35 Horse Collar
28:14 Chain Barding Armor
29:51 Town Watch
30:22 Hand Cart
32:29 Gold Mining
32:30 Stone Mining
34:24 Heavy Plow
Connection lost

Rejoining the realm…

Still unreachable

The connection could not be restored.

Session expired

The server has moved on; the page needs a fresh start.